 Dungeon Crawl Stone Soup version 0.18.1-48-g4cf74bf (webtiles) character file.

398 Heedrag the Chopper (level 6, -1/53 HPs)
             Began as a Minotaur Fighter on Aug 19, 2016.
             Slain by Grinder (3 damage)
             ... on level 5 of the Dungeon.
             The game lasted 00:05:57 (2862 turns).

Heedrag the Chopper (Minotaur Fighter)              Turns: 2862, Time: 00:05:58

Health: -1/53      AC: 11    Str: 28    XL:     6   Next: 53%
Magic:  5/5        EV:  5    Int:  5    God:
Gold:   311        SH: 10    Dex:  9    Spells: 0 memorised, 5 levels left

rFire  . . .     SeeInvis .     a - +0 war axe
rCold  . . .     Gourm    .     u - +0 plate armour
rNeg   . . .     Faith    .     c - +0 shield
rPois  .         Spirit   .     (helmet restricted)
rElec  .         Dismiss  .     (no cloak)
rCorr  +         Reflect  .     (no gloves)
SustAt .         Harm     .     (no boots)
MR     .....                    D - amulet of rage
Stlth  ..........               (no ring)
                                A - ring of resist corrosion

@: mighty, exhausted, not resistant to hostile enchantments, extremely
unstealthy
A: retaliatory headbutt, horns 2
a: Evoke Berserk Rage


You were on level 5 of the Dungeon.
You were very hungry.

You visited 1 branch of the dungeon, and saw 5 of its levels.

You collected 311 gold pieces.

Inventory:

Hand Weapons
 a - a +0 war axe (weapon)
Armour
 b - a +0 scale mail
 c - a +0 shield (worn)
 u - a +0 plate armour (worn)
Jewellery
 A - a ring of resist corrosion (left hand)
 D - an amulet of rage (around neck)
Wands
 r - a wand of slowing (11/48)
Scrolls
 h - 7 scrolls of identify {unknown}
 i - a scroll of fog {unknown}
 k - a scroll of immolation {unknown}
 l - a scroll of noise {unknown}
 o - a scroll of fear {unknown}
 v - 3 scrolls of teleportation {unknown}
 w - 2 scrolls of remove curse {unknown}
 y - a scroll of blinking {unknown}
 z - 2 scrolls of amnesia {unknown}
 F - a scroll of recharging {unknown}
Potions
 d - a potion of might
 e - 3 potions of curing {unknown}
 j - a potion of invisibility {unknown}
 m - a potion of mutation {unknown}
 n - a potion of magic {unknown}
 p - a potion of haste {unknown}
 t - a potion of ambrosia {unknown}
 x - a potion of degeneration {unknown}
 B - a potion of cancellation {unknown}
 C - a potion of cure mutation {unknown}
Books
 q - a book of Beasts

   Spells                             Type                      Level
   a - Summon Butterflies             Summoning                    1
   b - Call Canine Familiar           Summoning                    3
   c - Summon Ice Beast               Ice/Summoning                4
   d - Summon Mana Viper              Hexes/Summoning              5
   e - Summon Hydra                   Summoning                    7
Comestibles
 f - 6 bread rations
 g - 3 meat rations
 s - 2 slices of pizza
 E - a beef jerky
 G - 4 chunks of flesh


   Skills:
 + Level 4.3 Fighting
 * Level 7.1 Axes
 + Level 4.2 Armour
 + Level 1.9 Dodging
 - Level 3.6 Shields
 + Level 1.1 Evocations


You had 5 spell levels left.
You didn't know any spells.

Dungeon Overview and Level Annotations

Branches:
Dungeon (5/15)
 Temple: D:4-7

Altars:
Dithmenos
Nemelex Xobeh
Zin

Annotations:
D:5 Grinder


Innate Abilities, Weirdness & Mutations

You reflexively headbutt those who attack you in melee.
You have a pair of horns on your head.


Message History

Grinder be almost dead.
Grinder hits ye!
* * * LOW HITPOINT WARNIN'
* * * Ye writha in agony.
* * * LOW HITPOINT WARNIN'
* * * Grinder blinks!
Grinder blinks!
Ye feel yerself speed up.
Drink which item? (? fer menu, 'sc ta quit) Ye feel very mighty all o' a sudd'n.
Ye closely miss Grinder.
Grinder be almost dead.
Ye block Grinder's attack.
Grinder hits ye.
* * * LOW HITPOINT WARNIN'
* * * Ye writha in agony.
* * * LOW HITPOINT WARNIN'
* * * Ye hit Grinder.
Grinder be almost dead.
Grinder hits ye.
Ye die...

#...........#
#.......(....
####............
#.$.............
#........####...
#%.......# ########
#.......(#
.......########.5.####..
...>............@.).....
........................
.....#.#######....######
.....#.# #)...#
.#####.#######)...# .#
#.#......##### .#
..#......# ## .........#
.....####


You could see Grinder.

Vanquished Creatures
  A howler monkey (D:4)
  2 orc priests
  3 orc wizards
  A centaur skeleton (D:4)
  Terence (D:2)
  4 adders
  2 oozes (D:1)
  An adder skeleton (D:4)
  2 worms (D:2)
  A dart slug (D:1)
  4 giant geckos
  17 orcs
  2 ball pythons
  4 giant cockroaches
  8 goblins
  8 hobgoblins
  2 jackals (D:3)
  10 kobolds
  3 quokkas
  4 bats
  6 giant newts
  A quokka skeleton (D:4)
  6 rats
  A bush (D:1)
94 creatures vanquished.

Vanquished Creatures (others)
  3 plants (D:1)
3 creatures vanquished.

Grand Total: 97 creatures vanquished

Notes
Turn   | Place    | Note
--------------------------------------------------------------
     0 | D:1      | Heedrag the Minotaur Fighter began the quest for the Orb.
     0 | D:1      | Reached XP level 1. HP: 19/19 MP: 0/0
    49 | D:1      | Reached skill level 3 in Axes
    57 | D:1      | Reached XP level 2. HP: 25/26 MP: 1/1
   164 | D:1      | Reached skill level 4 in Axes
   307 | D:1      | Reached XP level 3. HP: 29/31 MP: 2/2
   784 | D:1      | Reached skill level 5 in Axes
   988 | D:2      | Reached XP level 4. HP: 38/39 MP: 3/3
  1239 | D:2      | Noticed Terence
  1247 | D:2      | Killed Terence
  1247 | D:2      | Reached skill level 6 in Axes
  1935 | D:3      | Reached XP level 5. HP: 46/46 MP: 4/4
  2125 | D:3      | Found a glowing silver altar of Zin.
  2256 | D:4      | Reached skill level 1 in Dodging
  2286 | D:4      | Reached XP level 6. HP: 52/52 MP: 5/5
  2291 | D:4      | Reached skill level 1 in Evocations
  2424 | D:4      | Found a shadowy altar of Dithmenos.
  2453 | D:4      | Reached skill level 7 in Axes
  2627 | D:4      | Found a sparkling altar of Nemelex Xobeh.
  2772 | D:5      | Entered Level 5 of the Dungeon
  2828 | D:5      | Noticed Grinder
  2829 | D:5      | Paralysed by Grinder for 6 turns
  2861 | D:5      | HP: 2/53 [Grinder (3)]
  2862 | D:5      | Slain by Grinder

Skill      XL: |  1  2  3  4  5  6 |
---------------+-------------------+-----
Axes           | 3 4 5 6 7 |  7.1
Armour         | 4 |  4.2
Fighting       | 4 |  4.3
Dodging        | 1 |  1.9
Evocations     | 1 |  1.1
Shields        | |  3.6

Action                   |  1- 3 |  4- 6 || total
-------------------------+-------+-------++-------
Melee: War axe           |   111 |   151 ||   262
       Headbutt          |    17 |    28 ||    45
 Abil: Evoke Berserk Rag |       |     2 ||     2
  Use: Potion            |       |     1 ||     1
  Eat: Chunk             |       |     7 ||     7
Armor: Scale mail        |    25 |     3 ||    28
       Plate armour      |       |    75 ||    75
Dodge: Dodged            |    27 |    31 ||    58
Block: Shield            |    52 |    70 ||   122
